 Dungeon Crawl Stone Soup version 0.31-a0-182-gc5ef74bbde (webtiles) character file.

Game seed: 3877144814702289438

108 qw the Shooter (level 4, -1/42 HPs)
             Began as a Naga Hunter on June 20, 2023.
             Slain by Grinder (8 damage)
             ... on level 3 of the Dungeon.
             The game lasted 00:00:40 (1649 turns).

qw the Shooter (Naga Hunter)                        Turns: 1649, Time: 00:00:40

Health: -1/42      AC:  3    Str: 13    XL:     4   Next: 87%
Magic:  4/4        EV:  9    Int: 10    God:
Gold:   103        SH:  0    Dex: 16    Spells: 3/3 levels left

rFire   . . .        Y - +0 shortbow
rCold   . . .        (shield currently unavailable)
rNeg    . . .        c - +0 leather armour
rPois   +            f - +0 helmet
rElec   .            (no cloak)
rCorr   .            (no gloves)
SInv    +            (no barding)
Will    .....        (no amulet)
Stlth   ++           (no ring)
HPRegen 0.27/turn    (no ring)
MPRegen 0.09/turn

%: no passive effects
@: very slow
A: AC +1, large, see invisible, deformed body, poison resistance, slowness 2,
spit poison 1, naga tail 1
a: Spit Poison


You were on level 3 of the Dungeon.
You visited 1 branch of the dungeon, and saw 3 of its levels.

You collected 129 gold pieces.
You spent 26 gold pieces at shops.


Innate Abilities, Weirdness & Mutations

Your serpentine skin is tough. (AC +1)
You have supernaturally acute eyesight. (SInv)
Armour fits poorly on your strangely shaped body.
Your system is resistant to poisons. (rPois)
You cover ground very slowly.
You can spit poison.
You have a snake-like lower body.


   Skills:
 - Level 3.0 Fighting
 + Level 5.1 Ranged Weapons
 - Level 1.5 Dodging
 - Level 1.5 Stealth


You had 3 spell levels left.
You didn't know any spells.
Your spell library was empty.

Inventory:

Hand Weapons
 Y - a +0 shortbow (weapon)
Armour
 c - a +0 leather armour (worn)
 f - a +0 helmet (worn)
Scrolls
 b - a scroll of identify
 e - a scroll of blinking {unknown}
Potions
 a - a potion of might {unknown}
 d - 2 potions of curing {unknown}

Dungeon Overview and Level Annotations

Branches:
Dungeon (3/15)

Altars:
Dithmenos

Shops:
D:2 [(*:

Annotations:
D:3 Grinder


Message History

You resist with significant effort.
You shoot an arrow. The arrow hits Grinder.
Grinder is lightly wounded.
You shoot an arrow. The arrow barely misses Grinder.
Grinder blinks!
You start resting.
Grinder is nearby!
You shoot an arrow. The arrow barely misses Grinder.
You shoot an arrow. The arrow barely misses Grinder.
Grinder zaps a wand.
The puff of flame hits you!
You shoot an arrow. The arrow barely misses Grinder.
Grinder zaps a wand.
The puff of flame hits you.
You shoot an arrow.
The arrow hits Grinder but does no damage.
Grinder says, "DUCK!"
You shoot an arrow. The arrow completely misses Grinder.
Grinder zaps a wand.
The puff of flame hits you.
You shoot an arrow. The arrow closely misses Grinder.
Grinder gestures at you. Pain shoots through your body!
You shoot an arrow. The arrow closely misses Grinder.
Grinder gestures at you. Pain shoots through your body!
You shoot an arrow. The arrow barely misses Grinder.
Grinder gestures at you. You resist with significant effort.
You shoot an arrow. The arrow hits Grinder.
Grinder is lightly wounded.
Grinder completely misses you.
You shoot an arrow. The arrow hits Grinder.
Grinder is lightly wounded.
Grinder closely misses you.
You shoot an arrow.
The arrow hits Grinder but does no damage.
Grinder is lightly wounded.
Grinder barely misses you.
You shoot an arrow. The arrow hits Grinder!
Grinder is moderately wounded.
Grinder hits you!
You die...

...### #.# #### #.# #.#
#.# #.# . # #.## ... ##
####..######....
.########...............
................@5......
.#.######.##...##......!
##.# #.##..## ..#....
##.# #.##...# ..# ...
##.# #.##.#.# ..# . ##.#
#.##.#.# .?# ##.#
#.##.#.. ... ##.# #....
..# ...#


You could see Grinder.

Vanquished Creatures
  An orc priest (D:3)
  2 adders
  4 orcs (D:3)
  4 bats
  9 endoplasms
  A giant cockroach (D:2)
  2 hobgoblins
  10 jackals
  A quokka (D:1)
  5 ball pythons (D:1)
  2 frilled lizards (D:1)
  5 goblins
  2 kobolds
  4 rats
52 creatures vanquished.

Notes
Turn   | Place    | Note
-------+----------+-------------------------------------------
     0 | D:1      | qw the Naga Hunter began the quest for the Orb.
     0 | D:1      | Reached XP level 1. HP: 19/19 MP: 1/1
     0 | D:1      | 0 ||| qw: Version: 0.3-a-9-g12657ce
     0 | D:1      | 0 ||| qw: Game counter: 1206
     0 | D:1      | 0 ||| qw: Always use a shield: true
     0 | D:1      | 0 ||| qw: God list: Okawaru
     0 | D:1      | 0 ||| qw: Allow faded altars: false
     0 | D:1      | 0 ||| qw: Do Orc after D:15 true
     0 | D:1      | 0 ||| qw: Do second Lair branch before Depths: true
     0 | D:1      | 0 ||| qw: Lair rune preference: random
     0 | D:1      | 0 ||| qw: Plans: Normal
     0 | D:1      | 0 ||| PLANNING D:1-11
    62 | D:1      | 62 ||| INVOKING Spit Poison.
   102 | D:1      | Reached skill level 4 in Ranged Weapons
   102 | D:1      | Reached XP level 2. HP: 26/26 MP: 2/2
   115 | D:1      | 115 ||| INVOKING Spit Poison.
   137 | D:1      | 137 ||| INVOKING Spit Poison.
   143 | D:1      | 143 ||| INVOKING Spit Poison.
   144 | D:1      | 144 ||| INVOKING Spit Poison.
   147 | D:1      | 147 ||| INVOKING Spit Poison.
   153 | D:1      | 153 ||| INVOKING Spit Poison.
   174 | D:1      | 174 ||| INVOKING Spit Poison.
   215 | D:1      | 215 ||| INVOKING Spit Poison.
   218 | D:1      | 218 ||| INVOKING Spit Poison.
   219 | D:1      | Reached XP level 3. HP: 32/32 MP: 3/3
   222 | D:1      | 222 ||| INVOKING Spit Poison.
   258 | D:1      | 258 ||| INVOKING Spit Poison.
   296 | D:1      | 296 ||| INVOKING Spit Poison.
   336 | D:1      | 336 ||| INVOKING Spit Poison.
   472 | D:1      | 472 ||| INVOKING Spit Poison.
   517 | D:1      | 517 ||| READING 2 scrolls labelled YKHALUE XIZXOA.
   518 | D:1      | 518 ||| READING scroll labelled QIPLIKHL IGYGIE.
   519 | D:1      | 519 ||| READING scroll labelled LOYSTR QEOZO.
   520 | D:1      | 520 ||| DROPPING scroll of poison.
   521 | D:1      | 521 ||| DROPPING scroll of butterflies.
   572 | D:2      | Found Vufforch's Weapon Shoppe.
   573 | D:2      | 573 ||| INVOKING Spit Poison.
   579 | D:2      | 579 ||| INVOKING Spit Poison.
   587 | D:2      | 587 ||| SHOPLISTING +2 heavy orcbow (201 gold, have 27).
   603 | D:2      | Found Zacim's Assorted Antiques.
   613 | D:2      | 613 ||| SHOPLISTING 2 scrolls labelled YJAFES ZAAC (58
                  | gold, have 31).
   613 | D:2      | 613 ||| SHOPLISTING scroll of identify (58 gold, have 31).
   613 | D:2      | 613 ||| BUYING viscous inky potion (26 gold).
   613 | D:2      | Bought a viscous inky potion for 26 gold pieces
   624 | D:2      | 624 ||| INVOKING Spit Poison.
   628 | D:2      | 628 ||| INVOKING Spit Poison.
   636 | D:2      | Found Rapopogu's Book Emporium.
   701 | D:2      | 701 ||| INVOKING Spit Poison.
   873 | D:2      | 873 ||| INVOKING Spit Poison.
   901 | D:2      | 901 ||| INVOKING Spit Poison.
   912 | D:2      | 912 ||| INVOKING Spit Poison.
   916 | D:2      | 916 ||| INVOKING Spit Poison.
   975 | D:2      | Found Taecsu Ugas's Antique Armour Shoppe.
   983 | D:2      | 983 ||| SHOPLISTING ancient robe (136 gold, have 42).
  1012 | D:2      | 1012 ||| INVOKING Spit Poison.
  1166 | D:2      | 1166 ||| INVOKING Spit Poison.
  1171 | D:2      | 1171 ||| INVOKING Spit Poison.
  1272 | D:2      | 1272 ||| UPGRADING to +0 helmet.
  1277 | D:2      | 1277 ||| READING scroll labelled WESOQI KISCHUGU.
  1278 | D:2      | 1278 ||| READING scroll labelled YJAFES ZAAC.
  1283 | D:2      | 1283 ||| READING scroll labelled KAS TAPABEC.
  1284 | D:2      | 1284 ||| READING scroll labelled TOTUVA LUYP.
  1334 | D:3      | 1334 ||| INVOKING Spit Poison.
  1335 | D:3      | Reached skill level 5 in Ranged Weapons
  1340 | D:3      | 1340 ||| INVOKING Spit Poison.
  1341 | D:3      | Reached XP level 4. HP: 39/39 MP: 4/4
  1344 | D:3      | Found a shadowy altar of Dithmenos.
  1351 | D:3      | 1351 ||| INVOKING Spit Poison.
  1356 | D:3      | 1356 ||| INVOKING Spit Poison.
  1360 | D:3      | HP: 7/39 [orc priest/+0 club (4)]
  1361 | D:3      | 1361 ||| INVOKING Spit Poison.
  1362 | D:3      | 1362 ||| INVOKING Spit Poison.
  1364 | D:3      | HP: 2/39 [orc priest/+0 club (3)]
  1371 | D:3      | 1371 ||| INVOKING Spit Poison.
  1375 | D:3      | Reached skill level 3 in Fighting
  1540 | D:3      | 1540 ||| INVOKING Spit Poison.
  1632 | D:3      | Noticed Grinder
  1644 | D:3      | HP: 6/42 [Grinder/nerve-wracking pain (11)]
  1649 | D:3      | Slain by Grinder

Levels and vault maps discovered:
D:1:      dpeg_arrival_court, layout_rooms, nicolae_titane
D:2:      layout_basic, serial_shops, shop_fountains, shop_fountains, shop,
          nicolae_shop_crystal
D:3:      layout_loops_corners, nicolae_dithmenos_the_darkroom, serial_glass,
          glass_columns_b, glass_columns_c, uniq_grinder, uniq_natasha

Skill      XL: |  1  2  3  4 |
---------------+-------------+-----
Ranged Weapons | 4 5 |  5.1
Fighting       | 3 |  3.0
Dodging        | |  1.5
Stealth        | |  1.5

Action                     |  1- 3 |  4- 6 || total
---------------------------+-------+-------++-------
   Fire: Shortbow          |    75 |    40 ||   115
Ability: Spit Poison       |    28 |     5 ||    33
    Use: Scroll            |     7 |       ||     7
 Armour: Leather armour    |     8 |     1 ||     9
  Dodge: Dodged            |    19 |     8 ||    27

Table legend:
 A = Non-vault XP
 B = Vault XP
 C = Vault XP percentage of total XP
 D = Non-vault monster count
 E = Vault monster count
 F = Vault count percentage of total count
                 A         B        C        D         E       F
            +---------+---------+-------+---------+---------+-------
      Total |     155 |       0 |   0.0 |      52 |       0 |   0.0
            +---------+---------+-------+---------+---------+-------
        D:1 |      46 |       0 |   0.0 |      27 |       0 |   0.0
        D:2 |      33 |       0 |   0.0 |      14 |       0 |   0.0
        D:3 |      76 |       0 |   0.0 |      11 |       0 |   0.0
            +---------+---------+-------+---------+---------+-------
